 Dungeon Crawl Stone Soup version 0.16.1-30-g34a7ffa (webtiles) character file.

192 Yawgmoth the Magician (level 5, -4/40 HPs)
             Began as a Mummy Wizard on June 18, 2015.
             Slain by an ogre
             ... wielding a +0 giant spiked club
              (23 damage)
             ... on level 2 of the Dungeon.
             The game lasted 00:17:18 (4947 turns).

Yawgmoth the Magician (Mummy Wizard)                Turns: 4947, Time: 00:17:19

Health: -4/40      AC:  3    Str: 10    XL:     5   Next: 42%
Magic:  1/13       EV: 12    Int: 18    God:
Gold:   145        SH:  0    Dex: 10    Spells: 4 memorised, 4 levels left

rFire  x . .     SeeInvis .     j - +1 whip (venom)
rCold  + . .     Clarity  .     a - +0 robe
rNeg   + + +     SustAb   .     (no shield)
rPois  ∞         Gourm    .     b - +0 hat
rElec  .         Spirit   .     h - +0 cloak
rCorr  .         Warding  .     (no gloves)
rMut   .         Stasis   .     (no boots)
MR     .....                    (no amulet)
Stlth  ++........               (no ring)
                                (no ring)

@: very slightly contaminated, not resistant to hostile enchantments, unstealthy
A: no food or potions, fire vulnerability, restore body, cold resistance 1,
negative energy resistance 3, poison resistance, torment resistance, unbreathing
a: no special abilities


You were on level 2 of the Dungeon.
You were not hungry.

You visited 1 branch of the dungeon, and saw 3 of its levels.

You collected 145 gold pieces.

Inventory:

Hand weapons
 j - a +1 whip of venom (weapon)
 k - a +3 dagger of electrocution
 l - a +0 scythe
Armour
 a - a +0 robe (worn)
 b - a +0 hat (worn)
 h - a +0 cloak (worn)
Magical devices
 f - a wand of random effects (29)
Scrolls
 d - a scroll of remove curse {unknown}
 e - a scroll of fear {unknown}
 g - 2 scrolls of identify {unknown}
 i - a scroll of recharging {unknown}
 m - a scroll of enchant weapon {unknown}
Books
 c - a book of Minor Magic

   Spells                             Type                      Level
   a - Magic Dart                     Conjuration                  1
   b - Blink                          Translocation                2
   c - Call Imp                       Summoning                    2
   d - Repel Missiles                 Charms/Air                   2
   e - Slow                           Hexes                        2
   f - Conjure Flame                  Conjuration/Fire             3
   g - Mephitic Cloud                 Conjuration/Poison/Air       3


   Skills:
 + Level 2.9 Fighting
 - Level 1.7 Dodging
 - Level 1.5 Stealth
 + Level 4.2 Spellcasting
 * Level 2.2 Conjurations
   Level 0.7 Summonings
 - Level 0.7 Translocations


You had 4 spell levels left.
You knew the following spells:

 Your Spells              Type           Power        Failure   Level  Hunger
a - Magic Dart            Conj           ##..         8%          1    N/A
b - Mephitic Cloud        Conj/Pois/Air  #.......     34%         3    N/A
c - Slow                  Hex            #.......     21%         2    N/A
d - Blink                 Tloc           N/A          17%         2    N/A

Dungeon Overview and Level Annotations

Branches:
Dungeon (3/15)

Altars:
Fedhas


Innate Abilities, Weirdness & Mutations

You do not eat or drink.
Your flesh is vulnerable to fire.
Your flesh is cold resistant.
You are immune to negative energy.
Your system is resistant to poisons.
You are immune to unholy pain and torment.
You can survive without breathing.


Message History

Confirm with . or Enter, or press ? or * to list all spells.
Okay, then.
Unknown command.
Casting: Slow
Confirm with . or Enter, or press ? or * to list all spells.
You blink.
You see here a robe.
Casting: Blink
Confirm with . or Enter, or press ? or * to list all spells.
You blink.
Casting: Blink
Confirm with . or Enter, or press ? or * to list all spells.
You miscast Blink.
The air around you crackles with energy!
Casting: Blink
Confirm with . or Enter, or press ? or * to list all spells.
You miscast Blink.
You spin around.
The ogre hits you with a giant spiked club!!
Ouch! That really hurt!
You die...

#.# #....# #.......# #.# #.#
###### #.......# #.# #.#
#.......# #.# #.#
##.......####.#### #.#
##................. #.######
#....##........####
#.##...######..#.###########
#.##.#.#.......#.#
#....#.#.#####@..#
######.#.####.O############
#.......#.>...........#
#####.........####......#.#
#........##(.....'......#.#
#.##........#.####......#.##
#.##....###.#.####......#..#
#.##............####'#####.#
##.#####.###.##### #.# #.#


You could see an ogre.

Vanquished Creatures
  Sigmund (D:2)
  Ijyb (D:2)
  3 adders (D:2)
  2 worms (D:2)
  2 oozes
  An orc (D:3)
  6 bats
  3 giant cockroaches
  8 goblins
  11 hobgoblins
  5 jackals (D:1)
  6 kobolds
  A giant gecko (D:2)
  6 giant newts
  6 rats
62 creatures vanquished.

Notes
Turn   | Place    | Note
--------------------------------------------------------------
     0 | D:1      | Yawgmoth, the Mummy Wizard, began the quest for the Orb.
     0 | D:1      | Reached XP level 1. HP: 13/13 MP: 4/4
   532 | D:1      | Reached XP level 2. HP: 7/20 MP: 0/6
   890 | D:1      | Reached skill level 1 in Conjurations
  1488 | D:1      | Reached skill level 1 in Fighting
  2004 | D:1      | Reached XP level 3. HP: 26/26 MP: 2/8
  2714 | D:2      | Learned a level 3 spell: Mephitic Cloud
  2717 | D:2      | Learned a level 2 spell: Slow
  2720 | D:2      | Learned a level 2 spell: Blink
  2724 | D:2      | Noticed Ijyb
  2757 | D:2      | Killed Ijyb
  2908 | D:2      | Found a blossoming altar of Fedhas.
  2978 | D:2      | Reached XP level 4. HP: 22/33 MP: 0/10
  4184 | D:2      | Noticed Sigmund
  4318 | D:2      | Killed Sigmund
  4318 | D:2      | Reached skill level 4 in Spellcasting
  4318 | D:2      | Reached XP level 5. HP: 40/40 MP: 2/13
  4891 | D:3      | Noticed an ogre
  4947 | D:2      | Slain by an ogre

Action                   |  1- 3 |  4- 6 || total
-------------------------+-------+-------++-------
Melee: Club              |     7 |       ||     7
       Whip              |    22 |    15 ||    37
 Cast: Magic Dart        |   112 |    88 ||   200
       Slow              |     1 |     3 ||     4
       Blink             |     1 |     2 ||     3
       Mephitic Cloud    |       |     2 ||     2
